 Dungeon Crawl Stone Soup version 0.31-a0-370-g25055926c8 (webtiles) character file.

Game seed: 15236310587357946845

44 M4edhros the Charlatan (level 3, 0/23 HPs)
             Began as an Octopode Artificer on July 29, 2023.
             Succumbed to an adder's poison
             ... on level 3 of the Dungeon.
             The game lasted 00:00:35 (663 turns).

M4edhros the Charlatan (Octopode Artificer)          Turns: 663, Time: 00:00:36

Health: 0/23       AC:  1    Str: 11    XL:     3   Next: 60%
Magic:  3/3        EV: 13    Int: 13    God:
Gold:   44         SH:  0    Dex: 14    Spells: 2/2 levels left

rFire   . .          .
                       - Unarmed
rCold   . . .        (no shield)
rNeg    . . .        (helmet restricted)
rPois   .            (no amulet)
rElec   .            (no ring)
rCorr   .            (no ring)
SInv    .            (no ring)
Will    .....        (no ring)
Stlth   +++          (no ring)
HPRegen 0.23/turn    (no ring)
MPRegen 0.08/turn    (no ring)
                     (no ring)

%: no passive effects
@: lethally poisoned (0 -> -6)
A: almost no armour, amphibious, 8 rings, camouflage 1, gelatinous body 1,
(nimble swimmer 1), tentacles
a: no special abilities


You were on level 3 of the Dungeon.
You visited 1 branch of the dungeon, and saw 3 of its levels.

You collected 44 gold pieces.

Inventory:

Wands
 b - a wand of flame (14) (quivered)
 c - a wand of charming (15)
 d - a wand of iceblast (5)
Scrolls
 a - a scroll of blinking {unknown}
 e - a scroll of fear {unknown}
 f - a scroll of immolation {unknown}
 g - a scroll of identify {unknown}


   Skills:
 - Level 1.0 Fighting
 - Level 2.3 Dodging
 - Level 1.3 Stealth
 + Level 3.1 Unarmed Combat
 - Level 3.2 Evocations


You had 2 spell levels left.
You didn't know any spells.
Your spell library was empty.

Dungeon Overview and Level Annotations

Branches:
Dungeon (3/15)

Altars:


Innate Abilities, Weirdness & Mutations

You cannot wear most types of armour.
You are amphibious.
You can wear up to eight rings at the same time.
Your skin changes colour to match your surroundings (Stealth+).
Your rubbery body absorbs attacks. (AC +1, EV +1)
((You are camouflaged when in or above water. (Stealth+)))
You have tentacles for arms and can constrict up to eight enemies at once.


Message History

No target in view!
No target in view!
e - a scroll labelled RAWAES NAEMUTU
f - a scroll labelled BATTEO UBRUSKO
g - a scroll labelled MIUMEPSI NAWN An adder comes into view.
The adder bites you.
You closely miss the adder. Your grab misses the adder.
Your tentacle-slap misses the adder.
Your squeeze misses the adder. The adder bites you.
The adder barely misses you.
You miss the adder. Your grab misses the adder. The adder barely misses you.
You barely miss the adder. You grab the adder. You constrict the adder.
The adder bites you.
You are poisoned.
The adder poisons you!
You tentacle-slap the adder.
The adder is heavily wounded.
You constrict the adder.
You feel sick. The adder bites you.
You are more poisoned.
The adder poisons you! The adder bites you.
You are lethally poisoned!
The adder poisons you!
Aiming: Throw Flame
Press: ? - help, Shift-Dir - straight line, f - adder
Aim: an adder (heavily wounded, constricted by you, 90% to hit)
The puff of flame hits the adder.
The adder is almost dead.
You constrict the adder.
You kill the adder!
You feel very sick.
Your Unarmed Combat skill increases to level 3!
You aren't carrying any potions.
* * * LOW HITPOINT WARNING * * *
You feel very sick.
There is a lethal amount of poison in your body!
* * * LOW HITPOINT WARNING * * *
You feel sick.
* * * LOW HITPOINT WARNING * * *
You feel sick.
You die...

### ##.##
###########...###########
..?.....................
#†#####.......#####....
#..........†).........#
#####.@.............#.#
####.............###..#.#
#.......##....#..# #..#.#
#.##.##.##.#.##..# #..#..
.................# #..###
.###.##.##.#.....# #..# #
#.##.#....## #..#
.....##.#.# #..#
##.#####.#.# #..###


There were no monsters in sight!

Vanquished Creatures
  3 adders
  A worm (D:3)
  4 bats (D:1)
  A giant cockroach (D:1)
  A goblin (D:3)
  A hobgoblin (D:2)
  2 frilled lizards (D:1)
  2 kobolds
  A rat (D:3)
16 creatures vanquished.

Notes
Turn   | Place    | Note
-------+----------+-------------------------------------------
     0 | D:1      | M4edhros the Octopode Artificer began the quest for the
                  | Orb.
     0 | D:1      | Reached XP level 1. HP: 13/13 MP: 1/1
   286 | D:1      | Reached skill level 1 in Unarmed Combat
   297 | D:1      | Reached XP level 2. HP: 17/18 MP: 2/2
   505 | D:3      | Reached XP level 3. HP: 14/23 MP: 3/3
   663 | D:3      | Succumbed to an adder's poison

Illustrated notes

Levels and vault maps discovered:
D:1:      lemuel_arrival_funnel, layout_basic
D:2:      layout_basic, nicolae_figureground_sparkle
D:3:      layout_loops_ring, mainiacjoe_overflow_two_lobes

Skill      XL: |  1  2  3 |
---------------+----------+-----
Unarmed Combat | 1 2 3 |  3.1
Fighting       | |  1.0
Dodging        | |  2.3
Stealth        | |  1.3
Evocations     | |  3.2

Action                     || total
---------------------------++-------
  Melee: Unarmed           ||    47
         Constrict         ||    16
         Tentacles         ||     9
         Punch             ||     1
  Evoke: Wand              ||     1
   Stab: Sleeping          ||     3
 Armour: Skin              ||    10
  Dodge: Dodged            ||    33

Table legend: (Time is in decaauts)
 A = Elapsed time spent in this place.
 B = Non-inter-level travel time spent in this place.
 C = Inter-level travel time spent in this place.
 D = Time resting spent in this place.
 E = Time spent auto-exploring this place.
 F = Levels seen in this place.
 G = Mean time per level.
                   A        B        C        D        E       F      G
               +--------+--------+--------+--------+--------+-----+--------+
         Total |    661 |    648 |     13 |      0 |    532 |   3 |  220.3 |
       Dungeon |    661 |    648 |     13 |      0 |    532 |   3 |  220.3 |
               +--------+--------+--------+--------+--------+-----+--------+

Top non-repeatable levels by time:
     D:1: 320 daAuts
     D:3: 182 daAuts
     D:2: 158 daAuts
